 Dungeon Crawl Stone Soup version 0.29.1-4-g47bece8355 (webtiles) character file.

Game seed: 1670278501629915673

3803 javelincjr the Magician (level 10, -9/67 HPs)
             Began as a Djinni Conjurer on Dec 10, 2022.
             Was a Believer of Qazlal.
             Mangled by a two-headed ogre
             ... wielding a +0 giant spiked club
              (23 damage)
             ... on level 7 of the Dungeon.
             The game lasted 00:52:25 (9177 turns).

javelincjr the Magician (Djinni Conjurer)           Turns: 9177, Time: 00:52:27

Health: -9/67      AC: 10    Str:  6    XL:     10   Next: 39%
Gold:   241        EV: 15    Int: 25    God:    Qazlal [**....] SH:  2 Dex: 17

rFire   + + .      SeeInvis .   y - +5 spear (vamp)
rCold   x . .      Faith    .   m - orb {guile}
rNeg    . . .      Spirit   .   E - +0 steam dragon scales
rPois   ∞          Reflect  .   (no helmet)
rElec   .          Harm     .   (no cloak)
rCorr   .          Rampage  .   n - +0 pair of gloves
Will    +....      Rnd*Tele +   (boots unavailable)
Stlth   +++.......              (no amulet)
HPRegen 0.21/turn               f - ring of wizardry
MPRegen 0.00/turn               b - ring of Cejuk {Will++ Dex+6}

@: flying, very slightly contaminated, slowed, very slow
A: sickness immunity, fire resistance 2, cold vulnerability 1, float, innate
caster, HP casting, extra vitality 1, iridescent scales 2, teleportitis 1
a: Renounce Religion, Upheaval


You were on level 7 of the Dungeon.
You worshipped Qazlal.
Qazlal was pleased with you.
You visited 2 branches of the dungeon, and saw 8 of its levels.

You collected 481 gold pieces.
You spent 240 gold pieces at shops.

Inventory:

Hand Weapons
 c - a +2 mace of protection
 i - a +2 dagger of speed
 q - a +3 rapier of venom
 y - a +5 vampiric spear (weapon)
Missiles
 g - 4 boomerangs (quivered)
 h - 16 poisoned darts
 w - 2 throwing nets
Armour
 a - a +0 robe
 m - an orb of guile (worn)
 n - a +0 pair of gloves (worn)
 x - a +1 chain mail of willpower
 E - +0 steam dragon scales (worn)
 I - a +4 scale mail of cold resistance
Magical Staves
 l - a staff of air
 s - a staff of death
 t - a staff of poison
Jewellery
 b - the ring of Cejuk (right hand) {Will++ Dex+6}
   (You acquired it on level 3 of the Dungeon)

   [ring of dexterity]

   Dex:       It affects your dexterity (+6).
   Will:      It greatly increases your willpower.
 f - a ring of wizardry (left hand)
 j - a +6 ring of strength
 o - a ring of resist corrosion
 p - a +4 ring of protection
Wands
 v - a wand of flame (5)
 F - a wand of light (4)
Scrolls
 k - a scroll of magic mapping
 B - 2 scrolls of identify
 C - a scroll of teleportation
Potions
 d - 2 potions of heal wounds
 e - 4 potions of curing
 r - a potion of flight
 u - 2 potions of attraction
 z - a potion of resistance
 A - a potion of brilliance
 D - 2 potions of lignification {unknown}
Miscellaneous
 H - a phial of floods


   Skills:
 + Level 3.8 Fighting
 + Level 3.5 Short Blades
 - Level 2.0 Maces & Flails
 + Level 3.6 Polearms
 + Level 1.2 Throwing
 + Level 1.4 Armour
 + Level 6.3 Dodging
 + Level 4.6 Stealth
 + Level 0.9 Shields
 + Level 7.4 Spellcasting
 + Level 1.7 Evocations


You couldn't memorise any spells.
You knew the following spells:

 Your Spells              Type           Power      Damage    Failure   Level
a - Magic Dart            Conj           100%       1d8       1%          1
b - Searing Ray           Conj           92%        2d7       1%          2
c - Dazzling Flash        Conj/Hex       92%        N/A       1%          3
d - Fulminant Prism       Conj/Hex       23%        3d13      1%          4
e - Iskenderun's Mystic   Conj/Tloc      46%        2d10      1%          4
f - Slow                  Hex            100%       N/A       1%          1
g - Scorch                Fire           92%        2d10      1%          2
h - Ignite Poison         Fire/Tmut/Pois 46%        N/A       1%          3
i - Lesser Beckoning      Tloc           46%        N/A       1%          3
Your spell library was empty.

Dungeon Overview and Level Annotations

Branches:
Dungeon (7/15)             Temple (1/1) D:5

Altars:
Ashenzari
Cheibriados
Dithmenos
Elyvilon
Fedhas
Gozag
Hepliaklqana
Makhleb
Nemelex Xobeh
Okawaru
Qazlal
Ru
Trog
Uskayaw
Wu Jian
Xom
Yredelemnul
Zin
The Shining One

Shops:
D:4 [


Innate Abilities, Weirdness & Mutations

You are immune to sickness and miasma.
You are immune to poison.
Your flesh is very heat resistant. (rF++)
You are vulnerable to cold. (rC-)
You float through the air rather than walking.
You learn spells naturally, not from books.
Your magical power is your life essence.
You have superior vitality. (+4 MHP)
You are mostly covered in iridescent scales. (AC +4)
You are occasionally teleported next to monsters.


Message History

The mystic blast hits the two-headed ogre!
The two-headed ogre is moderately wounded.
The two-headed ogre is knocked back by the mystic blast.
The two-headed ogre slams into the stone wall!
The two-headed ogre is moderately wounded.
The mystic blast hits the yak!
The yak is almost dead.
The yak is knocked back by the mystic blast.
The yak slams into the crystal wall!
The yak is almost dead.
The mystic blast hits the wraith!
The wraith is moderately damaged.
The wraith is knocked back by the mystic blast.
* * * LOW HITPOINT WARNING * * *
You hear a shout!
The wraith closely misses you. The yak completely misses you.
Casting: Iskenderun's Mystic Blast (dangerous; 1% risk of failure)
Confirm with . or Enter, or press ? or * to list all spells.
You erupt in a blast of force!
The mystic blast hits the yak but does no damage.
The yak is almost dead.
The mystic blast hits the wraith.
The wraith is heavily damaged.
The wraith is knocked back by the mystic blast.
The mystic blast hits the two-headed ogre!
The two-headed ogre is severely wounded.
The two-headed ogre is knocked back by the mystic blast.
The two-headed ogre slams into the rock wall!
The two-headed ogre is severely wounded.
* * * LOW HITPOINT WARNING * * *
The yak closely misses you.
An orc comes into view. It is wielding a +0 dagger.
You feel much better.
You feel yourself speed up. The yak completely misses you. The wraith hits you.
The wraith drains your vigour!
You feel yourself slow down.
The two-headed ogre hits you with a +0 giant spiked club!!
* * * LOW HITPOINT WARNING * * *
The two-headed ogre hits you with a +0 giant spiked club!!
You die...

...........##
.#..##.##.####..##
'...........'..## #.# #..##
#...........#..# #.# #....
#.....Y.... #..# #.# #.###
#......n. ##..# #.# #.# #
#...... ##...## ##.# #.###
.... ##Y....#.##.####....
#..###'###.W@○.......##......
#.........O☼#.##.##..[......
#........†..##.##.#..........
...############.##.#...#.###.#
# #.##.#...#...#.#
#.##.##.###.....
####.##.##.#####...
#..................
#.##.##.##........#


You could see a two-headed ogre, a yak and a wraith.

Vanquished Creatures
  A gargoyle (D:7)
  A yak (D:7)
  A steam dragon (D:6)
  A vampire mosquito (D:6)
  An acid dragon (D:7)
  3 water moccasins
  2 orc warriors (D:7)
  2 ice beasts (D:6)
  A sky beast (D:7)
  2 black bears (D:5)
  A centaur (D:7)
  2 phantoms
  2 kobold brigands
  3 bullfrogs (D:7)
  6 necrophages
  A gnoll sergeant (D:6)
  3 scorpions
  A wight (D:7)
  2 howler monkeys
  2 jellies
  2 orc priests
  A gnoll bouda (D:5)
  7 hounds
  2 iguanas
  5 orc wizards
  5 gnolls (D:5)
  9 adders
  A shadow imp (D:7)
  2 white imps
  A worm (D:3)
  5 dart slugs
  12 orcs
  5 bats
  7 endoplasms
  5 giant cockroaches
  6 goblins
  4 hobgoblins
  9 jackals (D:1)
  8 kobolds
  3 quokkas
  2 ball pythons
  5 frilled lizards
  5 rats
149 creatures vanquished.

Vanquished Creatures (others)
  A gnoll sergeant (D:5)
  A jelly (D:5)
  A hound (D:5)
  2 gnolls (D:5)
  27 fulminant prisms
32 creatures vanquished.

Grand Total: 181 creatures vanquished

Notes
Turn   | Place    | Note
-------+----------+-------------------------------------------
     0 | D:1      | javelincjr the Djinni Conjurer began the quest for the Orb.
     0 | D:1      | javelincjr set off with the following spells memorised:
                  | Magic Dart, Searing Ray, Dazzling Flash, Fulminant Prism,
                  | Iskenderun's Mystic Blast.
     0 | D:1      | Reached XP level 1. HP: 15/15 MP: 0/0
    33 | D:1      | Reached XP level 2. HP: 7/21 MP: 0/0
   545 | D:1      | Reached XP level 3. HP: 22/25 MP: 0/0
   545 | D:1      | Learned a level 1 spell: Slow
  1226 | D:1      | Reached skill level 4 in Spellcasting
  1419 | D:2      | Reached XP level 4. HP: 28/31 MP: 0/0
  1510 | D:2      | Found a faded altar of an unknown god.
  2123 | D:3      | Found a broken altar of Ashenzari.
  2345 | D:3      | Found a white marble altar of Elyvilon.
  2348 | D:3      | Identified a scroll of acquirement
  2348 | D:3      | Acquired a ring of wizardry
  2617 | D:3      | You are sucked into a shaft and drop 3 floors!
  2773 | D:5      | Entered Level 5 of the Dungeon
  2779 | D:5      | Reached XP level 5. HP: 33/35 MP: 0/0
  2779 | D:5      | Learned a level 2 spell: Scorch
  2785 | D:5      | Noticed a black bear
  2802 | D:5      | Found a staircase to the Ecumenical Temple.
  2825 | Temple   | Entered the Ecumenical Temple
  2868 | Temple   | Became a worshipper of Qazlal Stormbringer
  3154 | D:5      | Reached skill level 1 in Maces & Flails
  3256 | D:5      | Noticed a black bear
  3261 | D:5      | Killed a black bear
  3262 | D:5      | Reached XP level 6. HP: 33/41 MP: 0/0
  3574 | D:3      | Acquired the ring of Cejuk {Will++ Dex+6}
  4215 | D:4      | Reached skill level 1 in Fighting
  4215 | D:4      | Reached XP level 7. HP: 39/47 MP: 0/0
  4215 | D:4      | Learned a level 3 spell: Ignite Poison
  4422 | D:4      | Found Isabasm's Antique Armour Shop.
  4425 | D:4      | Bought a runed orb for 240 gold pieces
  4491 | D:4      | Reached skill level 1 in Short Blades
  4491 | D:4      | Reached skill level 5 in Spellcasting
  5078 | D:4      | Reached skill level 1 in Throwing
  5174 | D:4      | Reached * piety under Qazlal
  5358 | D:5      | Reached XP level 8. HP: 47/52 MP: 0/0
  6678 | D:6      | Reached skill level 1 in Armour
  6678 | D:6      | Reached XP level 9. HP: 23/59 MP: 0/0
  6678 | D:6      | Learned a level 3 spell: Lesser Beckoning
  7008 | D:6      | Gained mutation: You are partially covered in iridescent
                  | scales. (AC +2) [potion of mutation]
  7008 | D:6      | Gained mutation: You are occasionally teleported next to
                  | monsters. [potion of mutation]
  7008 | D:6      | Gained mutation: You are mostly covered in iridescent
                  | scales. (AC +4) [potion of mutation]
  7402 | D:6      | Reached skill level 1 in Evocations
  7516 | D:6      | Reached skill level 6 in Spellcasting
  7868 | D:6      | Reached skill level 1 in Polearms
  8019 | D:7      | Reached skill level 5 in Dodging
  8303 | D:7      | Found an ornate altar of the Wu Jian Council.
  8521 | D:7      | Reached XP level 10. HP: 25/67 MP: 0/0
  8732 | D:7      | Reached ** piety under Qazlal
  8745 | D:7      | Noticed a gargoyle
  8758 | D:7      | Killed a gargoyle
  8759 | D:7      | Reached skill level 7 in Spellcasting
  9157 | D:7      | Noticed a two-headed ogre
  9177 | D:7      | Mangled by a two-headed ogre

Illustrated notes

Levels and vault maps discovered:
D:1:      doesnt_arrival_eight_statues, layout_basic, minmay_liquid_box,
          minmay_tromino_v4_a
D:2:      layout_loops_cross, nicolae_ecumenical_lake_church
D:3:      kennysheep_six_static_rooms, layout_basic, evilmike_ruin_ashenzari,
          elyvilon_altar_5, serial_glass, glass_columns_a, glass_columns_c,
          nicolae_kite_square_tiling_tiny, minmay_misc_feat_tower,
          kennysheep_generic_room_11
D:4:      layout_loops_ring, serial_shops, nicolae_shop_behind_doors
D:5:      lemuel_ice_spiral_2, layout_basic, temple_pool_b
D:6:      layout_loops_ring, minmay_misc_feat_enclosed, minmay_diced_spiral
D:7:      minmay_the_grid_octo_2x2 [minmay_the_grid_octo_fat_diamond,
          minmay_the_grid_octo_checkerflower, minmay_the_grid_octo_empty,
          minmay_the_grid_octo_prize_star], layout_basic,
          nicolae_wu_jian_wuxing_cycle, minmay_starry_boxes
Temple:   dpeg_five_rooms_temple

Skill      XL: |  1  2  3  4  5  6  7  8  9 10 |
---------------+-------------------------------+-----
Stealth        | 2 3 4 |  4.6
Spellcasting   | 4 5 6 7 |  7.4
Maces & Flails | 1 2 |  2.0
Dodging        | 3 4 5 6 |  6.3
Fighting       | 1 2 3 |  3.8
Short Blades   | 1 3 |  3.5
Throwing       | 1 |  1.2
Armour         | 1 |  1.4
Evocations     | 1 |  1.7
Polearms       | 2 3 |  3.6
Shields        | |  0.9

Action                   |  1- 3 |  4- 6 |  7- 9 | 10-12 || total
-------------------------+-------+-------+-------+-------++-------
Melee: Unarmed           |     1 |       |       |       ||     1
       Mace              |    33 |    26 |       |       ||    59
       Rapier            |       |    15 |    38 |       ||    53
       Spear             |       |       |    67 |     3 ||    70
Throw: Stone             |     2 |       |       |       ||     2
       Boomerang         |       |     5 |     2 |       ||     7
 Cast: Magic Dart        |    34 |    36 |    28 |     2 ||   100
       Searing Ray       |     5 |    11 |    21 |     4 ||    41
       Scorch            |       |     3 |     6 |     1 ||    10
       Slow              |       |     2 |     1 |       ||     3
       Fulminant Prism   |       |     1 |    11 |    15 ||    27
       Iskenderun's Myst |       |       |     9 |     3 ||    12
Evoke: Wand              |       |       |     2 |       ||     2
  Use: Scroll            |       |     9 |     7 |     2 ||    18
       Potion            |       |     1 |     1 |     1 ||     3
 Stab: Sleeping          |     3 |     2 |     1 |       ||     6
Armor: Robe              |    10 |    18 |    20 |       ||    48
       Chain mail        |       |       |    11 |       ||    11
       Steam dragon scal |       |       |    19 |     2 ||    21
Dodge: Dodged            |    26 |    31 |   104 |    12 ||   173
Block: Orb               |       |       |     1 |     1 ||     2
